 Dungeon Crawl Stone Soup version 0.30-a0-381-g6ea064c7b4 (webtiles) character file.

Game seed: 1580318473705243003

564 stonewall the Slasher (level 7, -6/42 (44) HPs)
             Began as a Tengu Fighter on Dec 1, 2022.
             Killed from afar by Dowan (21 damage)
             ... with a shard of ice
             ... on level 5 of the Dungeon.
             The game lasted 00:05:11 (4078 turns).

stonewall the Slasher (Tengu Fighter)               Turns: 4078, Time: 00:05:12

HP:   -6/42 (44)    AC:  7    Str: 24    XL:     7   Next: 32%
MP:   8/8           EV: 11    Int: 15    God:
Gold: 126           SH:  5    Dex: 13    Spells: 6/6 levels left

rFire   . . .      SeeInvis .    a - +1 long sword
rCold   . . .      Faith    +    c - +0 buckler
rNeg    . . .      Spirit   .    b - +0 scale mail
rPois   .          Reflect  .    e - +1 hat
rElec   .          Harm     .    (no cloak)
rCorr   .          Rampage  .    (no gloves)
Will    .....                    (boots unavailable)
Stlth   ..........               n - amulet of faith
HPRegen 0.27/turn                g - +6 ring of intelligence
MPRegen 0.11/turn                k - +6 ring of strength

@: mighty, flying quickly and evasively, lightly drained, quick
A: beak, talons 3, nimble flight
a: no special abilities


You were on level 5 of the Dungeon.
You visited 1 branch of the dungeon, and saw 5 of its levels.
You also visited: Sewer.

You collected 216 gold pieces.
You spent 90 gold pieces at shops.

Inventory:

Hand Weapons
 a - a +1 long sword (weapon)
Armour
 b - a +0 scale mail (worn)
 c - a +0 buckler (worn)
 e - a +1 hat (worn)
Jewellery
 g - a +6 ring of intelligence (left hand)
 k - a +6 ring of strength (right hand)
 n - an amulet of faith (around neck)
 r - a ring of wizardry
Scrolls
 h - 2 scrolls of torment
 o - 3 scrolls of amnesia
Potions
 f - a potion of magic
 i - 3 potions of lignification {unknown}
 j - 2 potions of curing
 l - 5 potions of degeneration
 m - 2 potions of haste {unknown}
 p - a potion of ambrosia {unknown}
 s - 2 potions of resistance {unknown}
 t - a potion of cancellation {unknown}
 u - a potion of flight {unknown}
 v - a potion of mutation {unknown}


   Skills:
 + Level 4.4 Fighting
 * Level 6.7 Long Blades
 - Level 3.2 Armour
 - Level 1.4 Dodging
 - Level 0.6 Stealth
 + Level 4.1 Shields


You had 6 spell levels left.
You didn't know any spells.
Your spell library contained the following spells:

 Spells                   Type           Power      Damage    Failure   Level
 Summon Small Mammal      Summ           0%         N/A       65%         1
 Call Canine Familiar     Summ           0%         N/A       95%         3
 Summon Guardian Golem    Hex/Summ       0%         N/A       95%         3
 Summon Forest            Summ/Tloc      0%         N/A       100%        5
 Eringya's Noxious Bog    Tmut/Pois      0%         N/A       100%        6
 Summon Hydra             Summ           0%         N/A       100%        7


Dungeon Overview and Level Annotations

Branches:
Dungeon (5/15)              Sewer (visited)
 Temple: D:4-7

Altars:
Hepliaklqana
Kikubaaqudgha
Ru
Trog
Zin
The Shining One

Shops:
D:3 =*(

Annotations:
D:5 Dowan


Innate Abilities, Weirdness & Mutations

You have a beak for a mouth.
You have claws for feet.
Your magical nature lets you fly swiftly and evasively.


Message History

Duvessa is severely wounded.
Dowan casts a spell at you. You resist with some effort.
Duvessa hits you with a +0 short sword.
* * * LOW HITPOINT WARNING * * *
You are too injured to fight recklessly!
You are too injured to fight recklessly!
You are too injured to fight recklessly!
You are too injured to fight recklessly!
You are too injured to fight recklessly!
You are too injured to fight recklessly!
You are too injured to fight recklessly!
You are too injured to fight recklessly!
You are too injured to fight recklessly!
You are too injured to fight recklessly!
You are too injured to fight recklessly!
You are too injured to fight recklessly!
You are too injured to fight recklessly!
You are too injured to fight recklessly!
You are too injured to fight recklessly!
Unknown command.
You slash Duvessa! You claw Duvessa.
You kill Duvessa!
Dowan seems overcome with grief.
Dowan seems to find hidden reserves of power!
Dowan hits you but does no damage.
You feel drained. Dowan hits you but does no damage.
You feel drained.
Your life force feels restored.
You barely miss Dowan. Your kick misses Dowan. You peck Dowan!
Dowan is heavily wounded.
Dowan closely misses you.
Dowan hits you with a +1 dagger of draining.
* * * LOW HITPOINT WARNING * * *
You feel drained.
* * * LOW HITPOINT WARNING * * *
You closely miss Dowan. Your kick misses Dowan. Your peck misses Dowan.
Dowan is heavily wounded.
Dowan points at you and mumbles some strange words.
The shard of ice hits you!!
Ouch! That really hurt!
You die...

.........###.....#####.#
#.#......###...........#
#.#......##......!..#..##.
#..#..##...............?..
#########....#.#..........
##...###..........
#....#....)†.#....
#........$....##...
##.......@........
........)e...?...
##....#.......#....
###.##......##....
...##....## ... ##....
..#... #...##.


You could see Dowan (fast).

Vanquished Creatures
  Duvessa (D:5)
  2 scorpions
  A jelly (D:4)
  2 iguanas
  An orc wizard (D:3)
  12 adders
  2 ufetubi
  4 worms (D:4)
  3 dart slugs
  7 orcs
  8 endoplasms
  2 giant cockroaches
  5 goblins
  6 hobgoblins
  4 jackals (D:1)
  8 kobolds
  3 quokkas
  15 ball pythons
  10 bats
  11 frilled lizards
  6 rats
113 creatures vanquished.

Notes
Turn   | Place    | Note
-------+----------+-------------------------------------------
     0 | D:1      | stonewall the Tengu Fighter began the quest for the Orb.
     0 | D:1      | Reached XP level 1. HP: 14/14 MP: 2/2
   106 | D:1      | Reached XP level 2. HP: 8/19 MP: 3/3
   242 | D:1      | Reached XP level 3. HP: 22/23 MP: 4/4
   907 | D:2      | Reached skill level 3 in Long Blades
  1017 | D:2      | Reached skill level 1 in Dodging
  1339 | D:2      | Reached XP level 4. HP: 28/28 MP: 5/5
  1581 | D:3      | Found Pidugo Angu's Assorted Antiques.
  1590 | D:3      | Bought 3 scrolls labelled PAYM LIACZANAE for 90 gold pieces
  1835 | D:3      | Found Uliygauq's Jewellery Shop.
  1960 | D:3      | Found Enkaocrisk's Weapon Emporium.
  1975 | D:3      | Reached skill level 4 in Long Blades
  2104 | D:3      | Found a hazy altar of Hepliaklqana.
  2201 | D:3      | Gained mutation: Your magical nature lets you fly swiftly
                  | and evasively. [Tengu growth]
  2201 | D:3      | Reached XP level 5. HP: 32/32 MP: 6/6
  2256 | D:3      | Found a glowing silver altar of Zin.
  2256 | D:3      | Found a bloodstained altar of Trog.
  2257 | D:3      | Found an ancient bone altar of Kikubaaqudgha.
  2916 | D:4      | Found a glowing golden altar of the Shining One.
  2964 | D:4      | Reached skill level 5 in Long Blades
  2967 | D:4      | Reached XP level 6. HP: 10/38 MP: 7/7
  3109 | D:4      | Found a sacrificial altar of Ru.
  3157 | D:4      | Found a glowing drain.
  3168 | Sewer    | Entered a sewer
  3609 | D:4      | Reached skill level 6 in Long Blades
  3832 | D:5      | Entered Level 5 of the Dungeon
  3918 | D:5      | Reached XP level 7. HP: 29/43 MP: 8/8
  4068 | D:5      | Noticed Dowan
  4068 | D:5      | Noticed Duvessa
  4076 | D:5      | Killed Duvessa
  4078 | D:5      | Killed from afar by Dowan

Illustrated notes

Levels and vault maps discovered:
D:1:      ncdulo_wetmaze, layout_loops_ring, minmay_pentomino_w2
D:2:      layout_loops_cross, st_stairs_6, kennysheep_cross_room
D:3:      layout_loops_corners, gammafunk_temple_overflow_forgotten,
          mainiacjoe_overflow_surrounded_room, serial_shops,
          nicolae_shop_crystal, shop_fountains, shop
D:4:      layout_cave_pools, mainiacjoe_overflow_cross_hatched,
          cheibrodos_sewer_entry_sluice, minmay_ruined_shrine
D:5:      layout_cave_pools, minmay_temple_entry_poolview, uniq_grinder,
          uniq_duvessa

Skill      XL: |  1  2  3  4  5  6  7 |
---------------+----------------------+-----
Long Blades    | 3 4 5 6 |  6.7
Dodging        | 1 |  1.4
Fighting       | 4 |  4.4
Shields        | 4 |  4.1
Armour         | |  3.2
Stealth        | |  0.6

Action                   |  1- 3 |  4- 6 |  7- 9 || total
-------------------------+-------+-------+-------++-------
Melee: Long sword        |    98 |   165 |    13 ||   276
       Kick              |    23 |    32 |     4 ||    59
       Peck              |    13 |    19 |     4 ||    36
  Use: Scroll            |     3 |     9 |       ||    12
       Potion            |       |     2 |     1 ||     3
Armor: Scale mail        |    51 |    63 |     5 ||   119
Dodge: Dodged            |    41 |   102 |     7 ||   150
Block: Buckler           |    24 |    44 |     2 ||    70

Table legend: (Time is in decaauts)
 A = Elapsed time spent in this place.
 B = Non-inter-level travel time spent in this place.
 C = Inter-level travel time spent in this place.
 D = Time resting spent in this place.
 E = Time spent auto-exploring this place.
 F = Levels seen in this place.
 G = Mean time per level.
                   A        B        C        D        E       F      G
               +--------+--------+--------+--------+--------+-----+--------+
         Total |   4022 |   3869 |    153 |     44 |   3080 |   6 |  670.3 |
       Dungeon |   3678 |   3525 |    153 |     44 |   2812 |   5 |  735.6 |
         Sewer |    343 |    343 |      0 |      0 |    267 |   1 |  343.0 |
               +--------+--------+--------+--------+--------+-----+--------+

Top non-repeatable levels by time:
     D:3: 1171 daAuts
     D:2: 820 daAuts
     D:1: 794 daAuts
     D:4: 654 daAuts
   Sewer: 343 daAuts
     D:5: 237 daAuts
